AoeStats
← TheQuietRiot

Acropolis

503260255Analyzed
1v1 RM · 1mo ago on Aug 30, 2026· 29m 54s· 2 players
Game mode
Random Map
Map size
Tiny (2 player)
Population
200
Speed
Normal
Resources
Standard
Victory
Conquest
Starting age
Dark Age
Ending age
Imperial Age
RankedLock teamsTeams togetherTeam positionsShared explorationLock speedFull tech treeHidden civsTurbo modeCheats
Victory
Defeat
🇬🇧 Britons · United Kingdom
883
+16
🇺🇸 Turks · United States
873
-39
ryan.k.blankenship
11:49 Feudal Age
14:01 Arson
17:18 Bloodlines
25:31 Wheelbarrow
27:39 Double-Bit Axe
TheQuietRiot
10:47 Feudal Age
11:43 Double-Bit Axe
13:35 Fletching
15:00 Forging
15:58 Gold Mining
17:50 Loom
20:25 Wheelbarrow
25:50 Castle Age
26:01 Crossbowman
26:24 Crossbowman
27:15 Pikeman
27:54 Bodkin Arrow
28:35 Iron Casting
Connection lost

Rejoining the realm…

Still unreachable

The connection could not be restored.

Session expired

The server has moved on; the page needs a fresh start.